 Dungeon Crawl Stone Soup version 0.30.1-3-gfc49f6343a (webtiles) character file.

Game seed: 8982602020061804904

9020 Almogavar the Carver (level 11, 0/101 HPs)
             Began as a Minotaur Berserker on Aug 6, 2023.
             Was an Elder of Trog.
             Slain by an orc knight
             ... wielding a +0 great sword
              (13 damage)
             ... on level 2 of the Orcish Mines on Aug 7, 2023.
             The game lasted 00:29:34 (10315 turns).

Almogavar the Carver (Minotaur Berserker)          Turns: 10315, Time: 00:29:34

Health: 0/101      AC: 15    Str: 29    XL:     11   Next: 17%
Magic:  10/10      EV: 17    Int:  3    God:    Trog [****..]
Gold:   754        SH:  5    Dex: 16    Spells: 10/10 levels left

rFire   . . .        H - +4 scimitar (flame)
rCold   . . .        t - +0 buckler
rNeg    . . .        P - +2 chain mail {rPois}
rPois   +            (helmet restricted)
rElec   .            I - +0 cloak
rCorr   .            (no gloves)
SInv    .            F - +0 pair of boots
Will    ++...        (no amulet) Stlth
                     G - +6 ring of dexterity
HPRegen 1.36/turn    u - +5 ring of evasion
MPRegen 0.12/turn

%: clarity
@: strong-willed, on berserk cooldown, regenerating, slowed, very slow
A: horns 2, retaliatory headbutt, clarity, strong 1
a: Renounce Religion, Berserk, Trog's Hand, Brothers in Arms


You were on level 2 of the Orcish Mines.
You worshipped Trog.
Trog was greatly pleased with you.
You visited 2 branches of the dungeon, and saw 12 of its levels.
You also visited: Ossuary.

You collected 754 gold pieces.

Inventory:

Hand Weapons
 c - a +2 sling of electrocution
 D - the +6 shillelagh "Devastator" {shatter}
   (You found it on level 5 of the Dungeon)
 H - a +4 scimitar of flaming (weapon)
Missiles
 a - a throwing net
 g - 125 stones (quivered)
Armour
 k - +0 steam dragon scales
 s - an orb of mayhem
 t - a +0 buckler (worn)
 F - a +0 pair of boots (worn)
 I - a +0 cloak (worn)
 P - a +2 chain mail of poison resistance (worn)
Jewellery
 j - a ring of protection from cold
 u - a +5 ring of evasion (right hand)
 v - a ring of positive energy
 G - a +6 ring of dexterity (left hand)
Wands
 o - a wand of polymorph (5)
 E - a wand of paralysis (10)
 K - a wand of mindburst (41)
 O - a wand of flame (9)
Scrolls
 i - 6 scrolls of teleportation
 l - a scroll of amnesia
 n - 3 scrolls of fear {unknown}
 q - 2 scrolls of fog {unknown}
 y - 4 scrolls of magic mapping {unknown}
 z - a scroll of immolation {unknown}
 A - 2 scrolls of enchant armour {unknown}
 J - a scroll of enchant weapon {unknown}
 L - a scroll of acquirement {unknown}
 M - a scroll of poison {unknown}
Potions
 b - 3 potions of haste
 d - a potion of invisibility
 e - 3 potions of heal wounds
 f - 2 potions of lignification
 h - 2 potions of resistance
 m - a potion of might
 r - 4 potions of attraction
 w - 4 potions of curing
 x - a potion of ambrosia
 B - a potion of magic


   Skills:
 + Level 10.3 Fighting
 + Level 14.1 Long Blades
 + Level 3.3 Ranged Weapons
 + Level 8.3 Armour
 + Level 7.2 Dodging
 - Level 0.2 Stealth
 + Level 4.0 Shields
 - Level 0.4 Unarmed Combat


You had 10 spell levels left.
You didn't know any spells.
Your spell library was empty.

Dungeon Overview and Level Annotations

Branches:
Dungeon (10/15)            Temple (0/1) D:6            Lair (0/5) D:10
    Orc (2/2) D:9         Ossuary (visited)
    Elf: Orc:2

Altars:
Ashenzari
Cheibriados
Elyvilon
Qazlal
Ru
Vehumet
The Shining One

Annotations:
D:6 YordlordTheGreat's ghost, novice FeDe


Innate Abilities, Weirdness & Mutations

You have a pair of horns on your head.
You reflexively headbutt those who attack you in melee.
You possess an exceptional clarity of mind.
Your muscles are strong. (Str +4, Int/Dex -1)


Message History

You slash the orc knight! You burn the orc knight.
Your headbutt misses the orc knight.
The orc knight is heavily wounded.
You slash the orc knight! You burn the orc knight.
The orc knight is almost dead.
You are no longer berserk.
You are exhausted.
You feel yourself slow down.
The orc priest looks satisfied for a moment.
The orc knight hits you with a +0 great sword!
You barely miss the orc knight.
The orc knight is almost dead.
The orc priest closely misses you. You furiously retaliate!
You headbutt the orc priest.
The orc knight hits you with a +0 great sword!!
You barely miss the orc knight.
The orc knight is almost dead.
The orc priest closely misses you. You block the orc knight's attack.
You hit the orc knight but do no damage.
Your headbutt misses the orc knight.
The orc knight is almost dead.
An ogre comes into view. It is wielding a +0 giant club.
The orc priest mumbles some strange prayers to Beogh against you.
Beogh smites you!
The orc knight hits you with a +0 great sword!!
* * * LOW HITPOINT WARNING * * *
Your skin crawls.
You feel strong-willed. Trog will no longer gift you weapons.
The ogre shouts!
The orc priest closely misses you.
The orc knight hits you with a +0 great sword!
* * * LOW HITPOINT WARNING * * *
The orc priest barely misses you.
The orc knight roars a battlecry!
The orc priest goes into a battle-frenzy!
There is a stone staircase leading up, spattered with blood here.
You block the orc priest's attack.
The orc knight hits you with a +0 great sword!
You die...

#. ..### ##...
## #<...$#
###.##.
.......#.......
......#......
.....$)...# #
....#..@.##....
......)oo.....#
.##.##.........
# ........#.#
#.......## #
.O......##
........##
........##
.......##


You could see an orc knight, an ogre and an orc priest (strong).

Vanquished Creatures
  Snorg (D:10)
  Erica (D:8)
  The ghost of opiumtea the Wallflower, a novice VSGl of Uskayaw (D:7)
  A gargoyle (D:8)
  2 trolls (D:10)
  4 hornets
  A shadow (D:9)
  2 wyverns
  A wraith (D:10)
  A steam dragon (D:9)
  An acid dragon (D:7)
  A water moccasin (D:9)
  2 black bears (D:6)
  4 ice beasts
  6 orc warriors
  6 ogres
  2 centaurs
  3 phantoms
  3 kobold brigands
  7 bullfrogs
  An elf zombie (Ossuary)
  A gnoll sergeant (D:9)
  6 scorpions
  4 killer bees
  A howler monkey (D:5)
  3 human zombies (Ossuary)
  3 hounds
  2 jellies
  6 orc priests
  Terence (D:2)
  2 sleepcaps
  4 iguanas
  6 orc wizards
  2 hound zombies (Ossuary)
  3 mummies (Ossuary)
  5 gnolls
  A river rat (D:6)
  10 adders
  3 white imps
  2 ufetubi
  3 adder zombies (Ossuary)
  A worm (D:2)
  2 dart slugs (D:1)
  59 orcs
  3 ball pythons
  4 bats
  5 endoplasms
  6 giant cockroaches
  2 gnoll zombies (Ossuary)
  8 goblins
  6 hobgoblins
  6 jackals (D:1)
  18 kobolds
  4 quokkas
  5 frilled lizards
  7 goblin zombies (Ossuary)
  4 hobgoblin zombies
  2 jackal zombies (Ossuary)
  A kobold skeleton (D:4)
  3 kobold zombies
  3 orc skeletons (D:4)
  4 orc zombies
  3 quokka zombies (Ossuary)
  6 rats
  6 rat zombies (Ossuary)
287 creatures vanquished.

Vanquished Creatures (collateral kills)
  Psyche (D:8)
  An orc priest (D:8)
  An orc (D:8)
3 creatures vanquished.

Vanquished Creatures (others)
  A kobold (D:9)
1 creature vanquished.

Grand Total: 291 creatures vanquished

Notes
Turn   | Place    | Note
-------+----------+-------------------------------------------
     0 | D:1      | Almogavar the Minotaur Berserker began the quest for the
                  | Orb.
     0 | D:1      | Reached XP level 1. HP: 19/19 MP: 0/0
    82 | D:1      | Reached XP level 2. HP: 17/27 MP: 1/1
    92 | D:1      | Reached skill level 4 in Long Blades
   461 | D:1      | Reached XP level 3. HP: 32/33 MP: 2/2
   738 | D:2      | Reached ** piety under Trog
   825 | D:2      | Noticed Terence
   834 | D:2      | Killed Terence
   978 | D:2      | Reached XP level 4. HP: 29/40 MP: 3/3
  1161 | D:2      | Reached skill level 5 in Long Blades
  2379 | D:4      | Reached XP level 5. HP: 28/47 MP: 4/4
  2461 | D:4      | Found a glowing golden altar of the Shining One.
  2493 | D:4      | Reached *** piety under Trog
  2541 | D:4      | Found a sacrificial altar of Ru.
  2542 | D:4      | You fall into a shaft and drop 3 floors!
  2570 | D:6      | Reached skill level 6 in Long Blades
  2608 | D:6      | Noticed a black bear
  2612 | D:6      | Noticed a phantom
  2622 | D:6      | Killed a phantom
  2623 | D:6      | Reached XP level 6. HP: 20/55 MP: 5/5
  2627 | D:6      | Reached skill level 5 in Fighting
  2784 | D:5      | Entered Level 5 of the Dungeon
  2784 | D:5      | Noticed an ice beast
  2802 | D:5      | Killed an ice beast
  2803 | D:5      | Reached skill level 7 in Long Blades
  2803 | D:5      | Found a sand-covered staircase.
  2809 | Ossuary  | Entered an ossuary
  2947 | Ossuary  | Reached XP level 7. HP: 47/61 MP: 6/6
  3336 | Ossuary  | Reached **** piety under Trog
  3337 | Ossuary  | Reached skill level 8 in Long Blades
  3501 | D:5      | Found the +6 shillelagh "Devastator" {shatter}
  3519 | D:5      | Reached XP level 8. HP: 70/70 MP: 7/7
  3599 | D:5      | Reached skill level 9 in Long Blades
  4582 | D:6      | Reached skill level 10 in Long Blades
  4705 | D:6      | Found a runed translucent door.
  4707 | D:6      | Noticed YordlordTheGreat's ghost (novice FeDe)
  4762 | D:6      | Found a staircase to the Ecumenical Temple.
  4912 | D:6      | Reached skill level 5 in Dodging
  4992 | D:6      | Reached skill level 11 in Long Blades
  4992 | D:6      | Reached XP level 9. HP: 63/79 MP: 8/8
  4996 | D:6      | Reached skill level 5 in Armour
  5241 | D:6      | Found a runed translucent door.
  5993 | D:7      | Reached skill level 1 in Shields
  6120 | D:7      | Found a large runed translucent door.
  6120 | D:7      | Found a large runed translucent door.
  6122 | D:7      | Noticed opiumtea's ghost (novice VSGl)
  6173 | D:7      | Found a broken altar of Ashenzari.
  6409 | D:7      | Reached skill level 12 in Long Blades
  6517 | D:7      | Found a radiant altar of Vehumet.
  6766 | D:7      | Killed opiumtea's ghost
  6963 | D:8      | Noticed a gargoyle
  6982 | D:8      | Killed a gargoyle
  6983 | D:8      | Reached XP level 10. HP: 44/90 MP: 9/9
  7147 | D:8      | Noticed Psyche
  7171 | D:8      | Gained mutation: You possess an exceptional clarity of
                  | mind. [potion of mutation]
  7171 | D:8      | Gained mutation: Your muscles are strong. (Str +4, Int/Dex
                  | -1) [potion of mutation]
  7177 | D:8      | Killed Psyche
  7338 | D:8      | Reached skill level 1 in Ranged Weapons
  7726 | D:8      | Noticed Erica
  7735 | D:8      | Killed Erica
  8003 | D:8      | Found a white marble altar of Elyvilon.
  8367 | D:9      | Reached skill level 13 in Long Blades
  8936 | D:9      | Found a staircase to the Orcish Mines.
  9135 | D:10     | Entered Level 10 of the Dungeon
  9145 | D:10     | Paralysed by a hornet for 2 turns
  9154 | D:9      | Reached skill level 10 in Fighting
  9542 | D:10     | Found a snail-covered altar of Cheibriados.
  9636 | D:10     | Paralysed by a hornet for 3 turns
  9723 | D:10     | Found a stormy altar of Qazlal.
  9772 | D:10     | Reached XP level 11. HP: 96/99 MP: 10/10
  9780 | D:10     | Reached ***** piety under Trog
  9806 | D:10     | Found a staircase to the Lair.
  9902 | D:10     | Noticed Snorg
  9918 | D:10     | Killed Snorg
  9919 | D:10     | Reached skill level 14 in Long Blades
 10072 | Orc:1    | Entered Level 1 of the Orcish Mines
 10123 | Orc:2    | Entered Level 2 of the Orcish Mines
 10123 | Orc:2    | Noticed an orc knight
 10315 | Orc:2    | Slain by an orc knight

Illustrated notes

Levels and vault maps discovered:
D:1:      dpeg_arrival_windows_large_door, layout_rooms,
          roderic_serpentine_path, st_stairs_6
D:2:      layout_basic, uniq_terence
D:3:      layout_rooms, minivault_24
D:4:      layout_loops_ring, nicolae_ru_sacrificial_ziggurat,
          nicolae_tso_besieged_by_evil, minmay_misc_feat_more_columns,
          uniq_pikel, uniq_blork_the_orc
D:5:      layout_basic, nicolae_ossuary_entry_plus,
          dilly_guarded_unrand_devastator
D:6:      minmay_skewed_foursquare, layout_loops_ring,
          minmay_temple_entry_trees, ebering_ghost_sewer_f, grunt_ministairs_12
D:7:      layout_cave_pods, vehumet_crystals, nicolae_ashenzari_skybound,
          ebering_ghost_disaster_area, kennysheep_doodads, grunt_ministairs_2
D:8:      layout_basic, elyvilon_altar_3, grunt_ministairs_2, uniq_psyche,
          uniq_erica
D:9:      layout_cave_pools, hiddenorc1_lemuel
D:10:     layout_rooms, mainiacjoe_overflow_surrounded_room,
          nicolae_qazlal_style_of_elements, dpeg_oklobed_lair, uniq_snorg
Orc:1:    layout_caves, serial_shops, shop, special_room [special_room_orc],
          minmay_orc_barracks
Orc:2:    st_orc_congregation, layout_diamond_mine

Skill      XL: |  1  2  3  4  5  6  7  8  9 10 11 |
---------------+----------------------------------+-----
Long Blades    | 4 5 6 7 8 11 12 13 14 | 14.1
Fighting       | 4 5 6 7 8 10 | 10.3
Armour         | 3 4 6 8 |  8.3
Dodging        | 3 4 5 6 7 |  7.2
Shields        | 1 3 4 |  4.0
Ranged Weapons | 3 |  3.3
Stealth        | |  0.2
Unarmed Combat | |  0.4

Action                     |  1- 3 |  4- 6 |  7- 9 | 10-12 || total
---------------------------+-------+-------+-------+-------++-------
  Melee: Falchion          |    73 |   154 |   373 |    21 ||   621
         Headbutt          |    11 |    34 |    80 |    39 ||   164
         Punch             |       |     1 |     1 |       ||     2
         Scimitar          |       |       |       |   180 ||   180
         Unarmed           |       |       |       |     4 ||     4
   Fire: Sling             |       |     3 |       |    12 ||    15
  Throw: Stone             |       |       |     5 |       ||     5
 Invoke: Berserk           |     1 |     1 |     4 |     2 ||     8
         Trog's Hand       |       |       |     3 |     2 ||     5
         Brothers in Arms  |       |       |       |     1 ||     1
  Evoke: Wand              |       |       |       |     1 ||     1
    Use: Scroll            |       |     4 |     5 |     1 ||    10
         Potion            |       |       |       |     6 ||     6
   Stab: Sleeping          |     1 |       |       |       ||     1
 Armour: Animal skin       |    13 |     3 |       |       ||    16
         Leather armour    |       |    22 |    21 |       ||    43
         Ring mail         |       |       |    27 |     7 ||    34
         Scale mail        |       |       |       |    32 ||    32
         Skin              |       |       |       |     5 ||     5
         Chain mail        |       |       |       |    21 ||    21
  Dodge: Dodged            |    46 |   113 |   199 |   196 ||   554
  Block: Buckler           |       |       |    13 |    51 ||    64
